 Dungeon Crawl Stone Soup version 0.29.0-4-gdea44cf6ec (webtiles) character file.

Game seed: 3698618212803954338

11 qw the Sneak (level 2, -1/19 HPs)
             Began as a Gargoyle Delver on Sept 10, 2022.
             Slain by an iguana (9 damage)
             ... on level 4 of the Dungeon.
             The game lasted 00:00:05 (163 turns).

qw the Sneak (Gargoyle Delver)                       Turns: 163, Time: 00:00:05

Health: -1/19      AC:  5    Str: 15    XL:     2   Next: 29%
Magic:  2/2        EV: 11    Int: 10    God:
Gold:   0          SH:  0    Dex: 11    Spells: 1/1 levels left

rFire   . . .      SeeInvis .   a - +0 hand axe
rCold   . . .      Faith    .   (no shield)
rNeg    + . .      Spirit   .   b - +0 leather armour
rPois   inf        Reflect  .   (no helmet)
rElec   +          Harm     .   (no cloak)
rCorr   .          Rampage  .   (no gloves)
Will    .....                   (no boots)
Stlth   +++.......              (no amulet)
HPRegen 0.06/turn               (no ring)
MPRegen 0.08/turn               (no ring)

@: no status effects
A: sickness immunity, AC +2, negative energy resistance 1, electricity
resistance, torment resistance 1, petrification resistance
a: no special abilities


You were on level 4 of the Dungeon.
You visited 1 branch of the dungeon, and saw 2 of its levels.


Innate Abilities, Weirdness & Mutations

You are immune to sickness and miasma.
Your stone body is resilient. (AC +2)
You are immune to poison.
You resist negative energy. (rN+)
You are resistant to electric shocks. (rElec)
You are resistant to unholy torment.
You are immune to petrification.


   Skills:
 - Level 3.2 Fighting
 + Level 2.6 Axes
 - Level 1.5 Dodging
 - Level 5.4 Stealth


You had one spell level left.
You didn't know any spells.
Your spell library was empty.

Inventory:

Hand Weapons
 a - a +0 hand axe (weapon)
Armour
 b - a +0 leather armour (worn)
Wands
 g - a wand of digging (3)
Potions
 f - a potion of haste

Dungeon Overview and Level Annotations

Branches:
Dungeon (5/15)
 Temple: D:4-7

Altars:


Message History

The scorpion barely misses you. The scorpion misses you.
You hit the scorpion.
The scorpion is moderately wounded.
The scorpion barely misses you. The adder closely misses you.
You barely miss the scorpion.
The scorpion is moderately wounded.
You closely miss the hobgoblin. You hit the adder.
The scorpion closely misses you. The adder closely misses you.
The hobgoblin barely misses you. The scorpion misses you.
You barely miss the adder.
The adder is heavily wounded.
You hit the scorpion but do no damage. You closely miss the goblin.
You hit the hobgoblin. The adder barely misses you.
The goblin barely misses you. The hobgoblin misses you.
The scorpion stings you but does no damage.
The adder bites you but does no damage.
You hit the adder but do no damage.
The adder is heavily wounded.
You barely miss the scorpion. You hit the goblin.
You kill the goblin!
You hit the hobgoblin but do no damage. You completely miss the iguana.
The iguana bites you.
The hobgoblin hits you but does no damage.
The scorpion misses you. The adder misses you.
The hobgoblin hits you but does no damage.
The iguana bites you but does no damage.
You hit the adder.
The adder is severely wounded.
You hit the hobgoblin. You completely miss the iguana. You hit the scorpion.
The scorpion stings you but does no damage.
The adder bites you but does no damage. The adder bites you.
The iguana bites you. The scorpion stings you. The hobgoblin barely misses you.
You barely miss the adder.
The adder is severely wounded.
You hit the scorpion but do no damage. You hit the hobgoblin but do no damage.
You hit the iguana but do no damage. The adder bites you but does no damage.
The scorpion barely misses you. The iguana bites you!
You die...

.....##########
...............
...#...........
...............
.......!.......
#............
#....sg......
#....@S......
#....)l......
##...........
#.......#...
#.#.........
#.#$........ #
#......>..
#.........


You could see a scorpion, an iguana, an adder and a hobgoblin.

Vanquished Creatures
  An adder (D:5)
  A goblin (D:4)
  A quokka (D:5)
3 creatures vanquished.

Notes
Turn   | Place    | Note
-------+----------+-------------------------------------------
     0 | D:5      | qw the Gargoyle Delver began the quest for the Orb.
     0 | D:5      | Reached XP level 1. HP: 14/14 MP: 1/1
     0 | D:5      | 0 ||| qw: Version: 0.1-a-116-g5d60599
     0 | D:5      | 0 ||| qw: Game counter: 9352
     0 | D:5      | 0 ||| qw: Always use a shield: true
     0 | D:5      | 0 ||| qw: God list: Okawaru
     0 | D:5      | 0 ||| qw: Allow faded altars: false
     0 | D:5      | 0 ||| qw: Do Orc after D:15 true
     0 | D:5      | 0 ||| qw: Do second Lair branch before Depths: true
     0 | D:5      | 0 ||| qw: Lair rune preference: random
     0 | D:5      | 0 ||| qw: Plans: Normal
     0 | D:5      | 0 ||| PLANNING D:1-11
   124 | D:5      | 124 ||| DROPPING scroll of fog.
   125 | D:5      | 125 ||| DROPPING scroll of magic mapping.
   126 | D:5      | 126 ||| DROPPING scroll of fear.
   149 | D:5      | Reached XP level 2. HP: 19/19 MP: 2/2
   153 | D:4      | Noticed a scorpion
   163 | D:4      | Slain by an iguana

Levels and vault maps discovered:
D:4:      layout_rooms, okawaru_metal_pillars_3, lemuel_coloured_pillars_altar,
          st_stairs_7, nicolae_elemental_shop, minmay_shop_grid_forest,
          uniq_grinder, uniq_natasha, uniq_blork_the_orc, uniq_menkaure
D:5:      layout_loops_cross, led_xom_imps, hangedman_glass_teeth,
          minmay_misc_feat_hallway, st_stairs_9, nicolae_fountain_basement

Skill      XL: |  1 |
---------------+----+-----
Axes           | 2 |  2.6
Fighting       | |  3.2
Dodging        | |  1.5
Stealth        | |  5.4

Action                   || total
-------------------------++-------
Melee: Hand axe          ||    19
 Stab: Sleeping          ||     1
Armor: Leather armour    ||    14
Dodge: Dodged            ||    22

Table legend:
 A = Non-vault XP
 B = Vault XP
 C = Vault XP percentage of total XP
 D = Non-vault monster count
 E = Vault monster count
 F = Vault count percentage of total count
                 A         B        C        D         E       F
            +---------+---------+-------+---------+---------+-------
      Total |       2 |      15 |  88.2 |       1 |       2 |  66.7
            +---------+---------+-------+---------+---------+-------
        D:4 |       2 |       0 |   0.0 |       1 |       0 |   0.0
        D:5 |       0 |      15 | 100.0 |       0 |       2 | 100.0
            +---------+---------+-------+---------+---------+-------
